Map: Paladino Terminal LE

Players

Namshar - Winner!

  • Race: Zerg Zerg
  • League: Grandmaster
  • Spawn Location: 9:00

Jason

  • Race: Terran Terran
  • League: Grandmaster
  • Spawn Location: 5:00

VOD

Have the link to the VOD?

Description

3rush

Time

  • Played on: April 15, 2017, 8:45 p.m.
  • Length: 4:33
Show
View Real Time Build Order
Export as new Build Order

Namshar Zerg - Winner!

Build Orders: Pool First, Ravager All-In 

Get SALT Encoding   

  12  0:01  Drone  
  13  0:12  Overlord  
  13  0:18  Drone  
  14  0:31  Drone x2  
  14  0:34  Drone  
  17  0:45  Extractor  
  17  0:46  Drone  
  17  0:52  Spawning Pool  
  17  0:56  Drone  
  17  1:07  Drone  
  18  1:21  Hatchery  
  18  1:25  Drone  
  18  1:39  Zergling x2  
  19  1:41  Roach Warren  
  18  1:49  Extractor  
  17  1:54  Queen  
  19  2:02  Overlord  
  19  2:08  Drone  
  20  2:23  Roach x2  
  20  2:29  Roach  
  26  2:36  Roach  
  30  2:44  Roach  
  32  2:51  Roach  
  32  3:00  Overlord  
  32  3:09  Roach  
  34  3:18  Ravager x2  
  36  3:20  Ravager  
  36  3:21  Ravager  
  36  3:25  Ravager  
  38  3:29  Overlord  
  38  3:38  Ravager  
  37  4:06  Overlord  
Show
View Real Time Build Order
Export as new Build Order

Jason Terran 

Build Orders: Reaper Expand 

Get SALT Encoding   

  12  0:00  SCV  
  13  0:13  SCV  
  14  0:18  Supply Depot  
  14  0:26  SCV  
  15  0:33  Refinery  
  15  0:39  SCV  
  16  0:46  Barracks  
  16  0:51  SCV  
  17  1:03  SCV  
  18  1:18  SCV  
  19  1:34  Orbital Command  
  19  1:35  Reaper  
  20  1:49  Command Center  
  20  2:00  SCV  
  21  2:05  Factory  
  21  2:11  Barracks Reactor  
  21  2:13  SCV  
  22  2:23  Supply Depot  
  22  2:25  SCV  
  23  2:32  Refinery  
  23  2:45  SCV  
  28  2:55  Starport  
  28  2:57  SCV  
  25  3:00  Hellion x2  
  25  3:01  Marine  
  25  3:05  Orbital Command  
  29  3:21  Cyclone  
  29  3:25  Marine  
  33  3:28  SCV  
  33  3:31  Viking  
  36  3:36  Supply Depot  
  35  3:49  Marine  
  35  3:59  Cyclone  
Tags
 
Add a new tag
Caveats
  • Supply blocks, unpowered buildings, or Contaminate may cause inaccurate times.
  • Supply counts are checked every 10 seconds.